 Dungeon Crawl Stone Soup version 0.30-a0-726-gd89dcf765f (webtiles) character file.

Game seed: 1596942713729764487

2760431 Flugkiller the Warrior (level 25, 207/207 HPs)
             Began as an Octopode Hexslinger on Jan 29, 2023.
             Was a High Priest of Okawaru.
             Escaped with the Orb
             ... and 4 runes on Jan 30, 2023!
             The game lasted 01:46:56 (51421 turns).

Flugkiller the Warrior (Octopode Hexslinger)       Turns: 51421, Time: 01:46:57

Health: 207/207    AC: 28    Str: 16    XL:     25   Next: 77%
Magic:  37/37      EV: 41    Int: 20    God:    Okawaru [*****.]
Gold:   3303       SH:  0    Dex: 21    Spells: 9/44 levels left

rFire   + + .      SeeInvis .      - Unarmed
rCold   . . .      Faith    .    (shield currently unavailable)
rNeg    . . .      Spirit   .    (helmet currently unavailable)
rPois   ∞          Reflect  .    G - amulet of Vitality {RegenMP++ Regen++}
rElec   +          Harm     .    A - ring of protection from fire
rCorr   .          Rampage  .    X - +4 ring of protection
Will    +++..                    m - ring of willpower
Stlth   +                        f - ring of protection from fire
HPRegen 2.14/turn                r - +6 ring of dexterity
MPRegen 1.05/turn                o - ring "Vuyryd Guqom" {Wiz rPois Will+}
                                 v - +5 ring of evasion
                                 O - +4 ring of protection

@: storm-form, flying
A: cleaving, insubstantial, flying, almost no armour, amphibious, 8 rings,
(camouflage 1), (gelatinous body 1), (nimble swimmer 1), (tentacles), robust 1,
strong 1
0: Orb of Zot
}: 4/15 runes: decaying, serpentine, silver, abyssal
a: Blinkbolt, End Transformation, Renounce Religion, Heroism, Finesse, Duel


You escaped.
You worshipped Okawaru.
Okawaru was extremely pleased with you.
You were a lightning-filled tempest!
You visited 8 branches of the dungeon, and saw 44 of its levels.
You visited the Abyss 1 time.
You also visited: Ossuary and Gauntlet.

You collected 7491 gold pieces.
You spent 4188 gold pieces at shops.

Inventory:

Missiles
 P - 15 curare-tipped darts (quivered)
Armour
 T - the +1 hat of Magic (melded) {rF+ Int+5}
   (Okawaru gifted it to you on level 5 of the Lair of Beasts)

   Int:       It affects your intelligence (+5).
   rF:        It protects you from fire.
Magical Staves
 b - a staff of air (melded)
   (You found it in a Gauntlet)
Jewellery
 a - a +4 ring of protection
   (You found it on level 5 of the Realm of Zot)
 f - a ring of protection from fire (on tentacle)
   (You found it on level 6 of the Dungeon)
 i - a ring of see invisible
   (You took it off an ogre mage on level 5 of the Vaults)
 m - a ring of willpower (on tentacle)
   (You found it on level 2 of the Swamp)
 o - the ring "Vuyryd Guqom" (on tentacle) {Wiz rPois Will+}
   (You bought it in a shop on level 2 of the Orcish Mines)

   [ring of wizardry]

   It improves your spell success rate.
   rPois:     It protects you from poison.
   Will:      It increases your willpower.
 p - a +4 ring of protection
   (You found it on level 4 of the Dungeon)
 r - a +6 ring of dexterity (on tentacle)
   (You found it on level 2 of the Vaults)
 v - a +5 ring of evasion (on tentacle)
   (You found it on level 15 of the Dungeon)
 x - a +6 ring of dexterity
   (You found it on level 3 of the Dungeon)
 A - a ring of protection from fire (left tentacle)
   (You found it on level 13 of the Dungeon)
 G - the amulet of Vitality (around neck) {RegenMP++ Regen++}
   (You found it in a Gauntlet)

   [amulet of magic regeneration]

   It increases your rate of magic regeneration.
   Regen:     It increases your rate of health regeneration.
 K - a +6 ring of dexterity
   (You took it off a minotaur in a Gauntlet)
 O - a +4 ring of protection (on tentacle)
   (You bought it in a shop on level 3 of the Dungeon)
 X - a +4 ring of protection (right tentacle)
   (You found it on level 14 of the Dungeon)
Wands
 g - a wand of digging (21)
   (You found it on level 2 of the Dungeon)
 k - a wand of roots (47)
   (You found it on level 3 of the Dungeon)
 R - a wand of acid (6)
   (You found it on level 2 of the Lair of Beasts)
 U - a wand of mindburst (37)
   (You found it on level 4 of the Swamp)
Scrolls
 j - 7 scrolls of vulnerability
 l - 13 scrolls of immolation
 s - 4 scrolls of fear
 t - 16 scrolls of teleportation
 y - 2 scrolls of torment
 z - 5 scrolls of blinking
 D - a scroll of silence
 E - 6 scrolls of magic mapping
 Z - 14 scrolls of fog
Potions
 c - 6 potions of brilliance
 d - 4 potions of might
 e - 3 potions of magic
 h - 5 potions of haste
 n - 7 potions of resistance
 q - 26 potions of curing
 u - 4 potions of flight
 w - 11 potions of heal wounds
 C - 10 potions of mutation
 H - 6 potions of cancellation
 I - 7 potions of invisibility
 L - 3 potions of berserk rage
 Q - 7 potions of attraction
 S - 5 potions of ambrosia
Miscellaneous
 B - a condenser vane
   (You found it on level 1 of the Vaults)
 F - a tin of tremorstones (2/2)
   (You found it on level 5 of the Vaults)
 W - a lightning rod (4/4)
   (You found it on level 13 of the Dungeon)
 Y - a phial of floods
   (You found it on level 3 of the Swamp)


   Skills:
 - Level 20.0 Fighting
 - Level 6.0 Ranged Weapons
 + Level 18.2 Dodging
 - Level 2.0 Stealth
 - Level 20.0 Unarmed Combat
 - Level 10.0 Spellcasting
 - Level 8.0 Hexes
 - Level 5.0 Translocations
 - Level 19.0 Transmutations
 - Level 1.0 Ice Magic
 - Level 19.1 Air Magic
 - Level 13.0 Invocations
 - Level 10.0 Evocations


You had 9 spell levels left.
You knew the following spells:

 Your Spells              Type           Power      Damage    Failure   Level
a - Vhi's Electric Charg  Tloc/Air       100%       N/A       1%          3
b - Ensorcelled Hibernat  Hex/Ice        56%        N/A       1%          2
c - Cause Fear            Hex            21%        N/A       1%          4
d - Inner Flame           Hex/Fire       26%        N/A       1%          3
e - Storm Form            Tmut/Air       36%        N/A       1%          7
f - Yara's Violent Unrav  Hex/Tmut       29%        3d12      1%          5
g - Slow                  Hex            100%       N/A       1%          1
i - Irradiate             Conj/Tmut      24%        3d19      1%          5
r - Blink                 Tloc           60%        N/A       1%          2
w - Swiftness             Air            72%        N/A       0%          3

Your spell library contained the following spells:

 Spells                   Type           Power      Damage    Failure   Level
 Shock                    Conj/Air       100%       1d9       1%          1
 Sting                    Tmut/Pois      100%       1d8       1%          1
 Lesser Beckoning         Tloc           60%        N/A       1%          2
 Passwall                 Tmut/Erth      40%        N/A       1%          2
 Poisonous Vapours        Pois/Air       96%        N/A       1%          2
 Static Discharge         Conj/Air       96%        2-6/arc   1%          2
 Confusing Touch          Hex            42%        N/A       1%          3
 Dazzling Flash           Conj/Hex       52%        N/A       1%          3
 Gell's Gravitas          Tloc           30%        N/A       1%          3
 Ignite Poison            Fire/Tmut/Pois 35%        N/A       1%          3
 Kindle Blastsparks       Fire/Tloc/Air  84%        2d17      1%          3
 Portal Projectile        Hex/Tloc       72%        N/A       1%          3
 Spider Form              Tmut/Pois      48%        N/A       1%          3
 Teleport Other           Tloc           30%        N/A       1%          3
 Airstrike                Air            36%        2d(6-22)  1%          4
 Petrify                  Tmut/Erth      48%        N/A       1%          4
 Arcjolt                  Conj/Air       24%        1d34      1%          5
 Silence                  Hex/Air        29%        N/A       1%          5
 Kiss of Death            Conj/Necr      40%        2d8       2%          1
 Sandblast                Erth           20%        2d7       2%          1
 Manifold Assault         Tloc           30%        N/A       3%          4
 Scorch                   Fire           20%        2d6       4%          2
 Sublimation of Blood     Necr           10%        N/A       4%          2
 Freezing Cloud           Conj/Ice/Air   18%        6-21      4%          5
 Anguish                  Hex/Necr       13%        N/A       5%          4
 Ozocubu's Armour         Ice            14%        N/A       6%          3
 Maxwell's Capacitive Co  Air            36%        ∞         8%          8
 Stone Arrow              Conj/Erth      20%        3d8       9%          3
 Vampiric Draining        Necr           10%        2d6       9%          3
 Conjure Ball Lightning   Conj/Air       24%        3x3d7     9%          6
 Statue Form              Tmut/Erth      32%        N/A       9%          6
 Metabolic Englaciation   Hex/Ice        14%        N/A       12%         5
 Dispel Undead            Necr           10%        3d9       26%         4
 Flame Wave               Conj/Fire      10%        2d6       26%         4
 Olgreb's Toxic Radiance  Pois           10%        N/A       26%         4
 Dispersal                Tloc           15%        N/A       45%         6
 Agony                    Necr           10%        N/A       56%         5
 Borgnjor's Vile Clutch   Necr/Erth      5%         N/A       56%         5
 Enfeeble                 Hex            21%        N/A       61%         7
 Necromutation            Tmut/Necr      24%        N/A       97%         8
 Discord                  Hex            21%        N/A       99%         8
 Orb of Destruction       Conj           5%         9d5       100%        7
 Ozocubu's Refrigeration  Ice            7%         4d9       100%        7
 Borgnjor's Revivificati  Necr           5%         N/A       100%        8
 Disjunction              Tloc           15%        N/A       100%        8
 Lehudib's Crystal Spear  Conj/Erth      5%         10d3      100%        8
 Death's Door             Necr           5%         N/A       100%        9
 Polar Vortex             Ice            7%         N/A       100%        9
 Summon Guardian Golem    Hex/Summ       Unusable   N/A       N/A         3
 Animate Armour           Summ/Erth      Unusable   N/A       N/A         4
 Animate Dead             Necr           Unusable   N/A       N/A         4
 Simulacrum               Ice/Necr       Unusable   N/A       N/A         6
 Death Channel            Necr           Unusable   N/A       N/A         6
 Summon Cactus Giant      Summ           Unusable   N/A       N/A         6
 Spellforged Servitor     Conj/Summ      Unusable   N/A       N/A         7

Dungeon Overview and Level Annotations

Branches:
Dungeon (15/15)            Temple (0/1) D:7            Lair (5/5) D:10
  Swamp (4/4) Lair:2        Snake (4/4) Lair:3        Slime (0/5) Lair:4
    Orc (2/2) D:9             Elf (0/3) Orc:2        Vaults (5/5) D:14
  Crypt (0/3) Vaults:3     Depths (4/4) D:15            Zot (5/5) Depths:4
Ossuary (visited)         Gauntlet (visited)

Altars:
Ashenzari
Dithmenos
Elyvilon
Hepliaklqana
Kikubaaqudgha
Makhleb
Okawaru
Qazlal
Trog
Vehumet
Xom
Jiyva

Shops:
D:3 =([:!   D:5 (   Orc:2 =(??(   Vaults:1 [   Depths:2 (((   Depths:3 ?!([:

Portals:
Hell: Depths:1 Depths:2 Depths:3 Depths:4
Abyss: Depths:1 Depths:3 Depths:4
Pandemonium: Orc:2 Depths:2 Depths:4
Ziggurat: Depths:1

Annotations:
D:10 exclusion: 3 doors
D:11 4 transporters, exclusion: orc, Erolcha
Lair:4 1 runed translucent door
Snake:2 6 transporters


Innate Abilities, Weirdness & Mutations

You are a lightning-filled tempest!
Your electrical attacks strike out in all directions at once.
You are incredibly evasive.
Your insubstantial body is immune to petrification, constriction, and being set on fire You are flying.
You are immune to poison.
Your armour is entirely melded.
You are incapable of wielding weapons or throwing items.
You cannot wear most types of armour.
You are amphibious.
You can wear up to eight rings at the same time.
((Your skin changes colour to match your surroundings (Stealth+).))
((Your rubbery body absorbs attacks. (AC +1, EV +1)))
((You are camouflaged when in or above water. (Stealth+)))
((You have tentacles for arms and can constrict up to eight enemies at once.))
You are robust. (+10% HP)
Your muscles are strong. (Str +4, Int/Dex -1)


Message History

The crimson imp shouts!
The lich shouts!
Unknown command.
Unknown command.
Press: ? - help, v - describe, . - travel
Here: Dampaac The floor.
Unknown command.
You feel yourself speed up.
The lich casts a spell.
The lich flickers and vanishes!
Deactivating autopickup; reactivate with Ctrl-A.
Unknown command.
Unknown command.
You remove your ring of protection from fire.
Dampaac gestures.
Reactivating autopickup.
i - a ring of see invisible (left tentacle)
Press: ? - help, v - describe, . - travel
Here: Dampaac The floor.
Casting: Vhi's Electric Charge (safe; 1% risk of failure)
Confirm with . or Enter, or press ? or * to list all spells.
Charge where?
Press: ? - help, Dir - move target, f - Dampaac
Aim: Dampaac (59% to hit)
You charge forward with an electric crackle!
You hit Dampaac.
Dampaac is lightly wounded.
You closely miss the chaos spawn. Dampaac touches you!
The chaos spawn completely misses you.
Casting: Vhi's Electric Charge (safe; 1% risk of failure)
Confirm with . or Enter, or press ? or * to list all spells.
You erupt in a fountain of uncontrolled magic!
Dampaac is blasted with magical radiation!!
Dampaac is moderately wounded.
Dampaac twists and deforms.
The chaos spawn is blasted with magical radiation!
The chaos spawn is moderately wounded.
You are very lightly contaminated with residual magic.
Dampaac completely misses you.
Unknown command.
You batter Dampaac!!
Dampaac is moderately wounded.
You blast the chaos spawn!!!
You kill the chaos spawn!
Okawaru accepts your kill.
The chaos spawn degenerates into a cloud of primal chaos!
Dampaac gestures at you. The poison arrow misses you.
The poison arrow hits the crimson imp!!
The crimson imp partially resists.
The crimson imp is poisoned.
The crimson imp dies!
You barely miss Dampaac.
Dampaac is moderately wounded.
You blast Dampaac!!!
Dampaac is severely wounded.
Dampaac gestures at you. The poison arrow misses you.
You blast Dampaac!!!
You punch Dampaac!
You kill Dampaac!
Okawaru accepts your kill.
The great orb of eyes disappears in a puff of smoke!
The lich completely misses you.
You buffet the lich!
The lich is lightly damaged.
You barely miss the lich.
The lich is lightly damaged.
The lich completely misses you.
You blast the lich!!!!
You destroy the lich!
Okawaru accepts your kill.
No target in view!
No target in view!
You remove your ring of see invisible.
A - a ring of protection from fire (left tentacle) Magic restored.
There is a stone staircase leading up here.
You fly upwards.
There is a stone staircase leading down here.
(D) Dungeon (T) Temple (L) Lair (S) Swamp (P) Snake Pit (M) Slime Pits (O) Orcish Mines (E) Elven Halls (V) Vaults (C) Crypt (U) Depths (H) Hell (Z) Zot
Where to? (Enter - D:2 @ (x,y), ? - help)
What level of the Swamp? (default 1, ? - help)
Okay, then.
(D) Dungeon (T) Temple (L) Lair (S) Swamp (P) Snake Pit (M) Slime Pits (O) Orcish Mines (E) Elven Halls (V) Vaults (C) Crypt (U) Depths (H) Hell (Z) Zot
Where to? (Enter - D:2 @ (x,y), ? - help)
What level of the Dungeon? (default 1, ? - help)
Okay, then.
Unknown command.
Unknown command.
HP restored.
Your magical contamination has completely faded away.
Your extra speed is starting to run out.
You feel yourself slow down.
There is a staircase leading out of the dungeon here.
You have escaped!

#.#.......)...#)..#.....######.##
#.####.##...###.#.#######......##
#.####.##...###...# #.###....
#......##.....#.#.# #.###..##
###############...# #.#.....#
######.#.#######.#.###..
#.............#....# #..
#.....^.......#....###.#
#......v......#.......).
#.............#.##.##...
#.............#.##.##...
###############.##.##...
#.#.##.##... #.#.##.##...
#......##... ###.########
#.########


There were no monsters in sight!

Vanquished Creatures
  3 pandemonium lords
  3 dread liches
  5 orbs of fire
  Mara (Vaults:4)
  3 ancient liches
  A juggernaut (Depths:3)
  Boris (twice) (Vaults:4 Vaults:5)
  A Killer Klown (Arena)
  Parghit (Arena)
  Saint Roka (Vaults:4)
  the Lernaean hydra (Swamp:4)
  2 curse toes (Zot:4)
  5 caustic shrikes (Depths:4)
  Vashnia (Snake:4)
  7 golden dragons
  A profane servitor (D:9)
  An electric golem (Zot:5)
  3 bone dragons
  A Brimstone Fiend (Depths:2)
  A Hell Sentinel (D:10)
  7 tentacled monstrosities
  4 liches
  20 Orb Guardians
  3 titans
  3 quicksilver dragons
  7 death cobs
  2 Executioners
  4 tentacled starspawn
  4 sphinxes
  6 storm dragons
  2 thorn hunters (Swamp:3)
  11 shadow dragons
  9 tengu reavers
  Donald (Vaults:4)
  A draconian knight (Zot:2)
  6 nagarajas (Snake:4)
  4 fenstrider witches
  2 draconian monks
  4 fire giants
  4 frost giants
  A balrug (Depths:4)
  21 vault wardens
  Aizul (Snake:1)
  A draconian stormcaller (Zot:5)
  2 ghost moths
  3 iron dragons
  A draconian annihilator (Zot:4)
  A reaper (Depths:2)
  2 deep elf sorcerers
  A draconian shifter (Zot:2)
  3 draconian scorchers
  4 ghouls (Swamp:4)
  15 very ugly things
  2 orc warlords
  22 ironbound preservers
  23 stone giants
  A spriggan defender (Depths:4)
  6 ironbound thunderhulks
  4 vampire knights
  2 eleionomae
  A deep elf demonologist (Vaults:5)
  3 white draconians
  6 green draconians
  4 purple draconians
  4 bunyips
  A minotaur (Gauntlet)
  4 yellow draconians
  9 spark wasps
  A lorocyproca (Abyss:3)
  5 black draconians
  26 dire elephants
  7 ettins
  2 deep elf death magi (Vaults:5)
  3 red draconians
  2 blizzard demons
  2 deep elf high priests (Vaults:5)
  2 entropy weavers
  5 jiangshi
  9 yaktaur captains
  10 fire dragons
  8 great orbs of eyes
  3 hell beasts (Depths:2)
  4 ogre magi
  A rakshasa (Depths:2)
  4 spriggan air magi
  3 salamander tyrants (Snake:4)
  20 hydras
  6 ice dragons
  15 ironbound frosthearts
  36 vault guards
  A demonspawn (Orc:2)
  14 centaur warriors
  4 boulder beetles
  3 dancing weapons
  12 two-headed ogres
  A death knight (D:14)
  12 anacondas
  3 deep troll shamans
  7 alligators
  3 hell hogs (Abyss:4)
  5 deep troll earth magi
  Urug (Orc:2)
  11 spriggan berserkers
  5 shock serpents
  3 vampire magi
  12 naga warriors
  9 orc high priests
  3 tengu warriors
  14 naga sharpshooters
  3 death yaks (Gauntlet)
  2 sun demons (Orc:2)
  8 hell knights
  4 wretched stars
  Sonja (Orc:2)
  3 soul eaters (Zot:4)
  A skeletal warrior (D:13)
  2 fire crabs
  2 death drakes (Zot:4)
  2 shadow wraiths
  7 salamander mystics
  6 spatial maelstroms (Abyss:4)
  2 goliath frogs
  5 iron trolls
  A flayed ghost (Depths:3)
  2 sixfirhies
  A golden dragon zombie (Zot:4)
  8 naga ritualists
  2 spriggan druids
  Lodul (D:11)
  61 deep trolls
  18 orc knights
  8 swamp dragons
  2 glowing orange brains
  5 bog bodies
  Pikel (D:7)
  4 phantasmal warriors
  5 wizards
  19 ironbound convokers
  18 starcursed masses
  6 lindwurms
  3 deep elf pyromancers
  3 necromancers
  5 cyclopes
  A wolf spider (D:13)
  8 mana vipers
  6 orc sorcerers (Orc:2)
  12 moths of wrath
  29 ugly things
  A manticore (shapeshifter) (D:15)
  7 manticores
  18 salamanders
  A worldbinder (Abyss:4)
  3 will-o-the-wisps
  A stone giant zombie (Vaults:4)
  16 naga magi
  8 guardian serpents
  12 vault sentinels
  43 black mambas
  A draconian skeleton (Zot:4)
  3 orange demons
  A smoke demon (Abyss:4)
  A gargoyle (D:12)
  5 rust devils
  A black mamba (shapeshifter) (D:13)
  20 cane toads
  3 freezing wraiths (D:14)
  5 rime drakes
  An unseen horror (shapeshifter) (D:13)
  A rime drake (shapeshifter) (D:15)
  Psyche (D:11)
  A tormentor (Depths:1)
  2 kobold demonologists
  2 efreet
  27 yaktaurs
  4 ice devils
  8 komodo dragons
  3 ancient zymes
  8 trolls
  A guardian mummy (Zot:4)
  2 red devils
  5 polar bears
  3 hellwings
  3 meliai (D:15)
  10 hornets
  A wolf spider simulacrum (D:14)
  9 tyrant leeches
  26 blink frogs
  A frost giant simulacrum (Vaults:1)
  12 raiju
  30 slime creatures
  6 flying skulls (Abyss:3)
  A centaur simulacrum (D:14)
  10 spriggans
  Sigmund (D:2)
  An ettin skeleton (Vaults:4)
  2 wraiths
  3 water elementals
  6 hogs (Snake:1)
  2 ynoxinuls (Depths:2)
  2 vampires
  5 wyverns
  4 fire bats (Gauntlet)
  4 neqoxecs
  26 yaks
  3 chaos spawn
  2 steam dragons
  3 basilisks
  A hog (shapeshifter) (D:13)
  16 vampire mosquitoes
  10 swamp worms
  3 redbacks (Vaults:1)
  2 wargs
  6 large abominations
  7 spatial vortices (Abyss:4)
  28 nagas
  3 acid dragons
  14 water moccasins
  9 swamp drakes
  8 hell hounds
  50 orc warriors
  5 small abominations
  2 ice beasts
  2 sky beasts
  A black bear (D:6)
  A tengu (shapeshifter) (D:13)
  12 ogres
  15 wolves
  13 centaurs
  A lemure (D:7)
  A phantom (D:5)
  2 kobold brigands
  12 bullfrogs
  A human simulacrum (Vaults:1)
  A gnoll sergeant (D:12)
  3 scorpions
  4 wights (D:9)
  18 killer bees
  3 howler monkeys (D:7)
  An electric eel (Lair:3)
  4 lava snakes (Lair:3)
  A centaur zombie (Ossuary)
  2 gnoll boudas
  2 human zombies
  5 hounds
  2 jellies
  37 orc priests
  Ijyb (D:3)
  Jessica (D:2)
  3 iguanas
  20 orc wizards
  7 hell rats (Lair:5)
  6 mummies (Ossuary)
  17 gnolls
  6 adders
  A shadow imp (D:6)
  2 white imps
  5 ufetubi
  3 worms (D:2)
  2 dart slugs
  99 orcs
  7 endoplasms
  2 giant cockroaches
  11 goblins
  10 hobgoblins
  3 jackals (D:1)
  6 ball pythons
  5 bats
  3 frilled lizards
  A gnoll zombie (Ossuary)
  A hobgoblin zombie (Ossuary)
  12 kobolds
  2 kobold zombies (Ossuary)
  2 orc zombies (Ossuary)
  7 rats
  3 starspawn tentacles
1818 creatures vanquished.

Vanquished Creatures (others)
  Kirke (Snake:1)
  A vault warden (Vaults:1)
  A purple draconian (Zot:1)
  An anaconda (Snake:4)
  2 yaktaurs (Vaults:5)
  2 bloated husks
  A hornet (Swamp:4)
  A sky beast (D:7)
  A crimson imp (D:2)
  An orc priest (Orc:2)
  An orc (Orc:2)
  4 foxfires
  31 fungi
  A lurking horror (Abyss:4)
  106 plants
  3 starspawn tentacles (Abyss:3)
158 creatures vanquished.

Grand Total: 1976 creatures vanquished

Notes
Turn   | Place    | Note
-------+----------+-------------------------------------------
     0 | D:1      | Flugkiller the Octopode Hexslinger began the quest for the
                  | Orb.
     0 | D:1      | Reached XP level 1. HP: 13/13 MP: 2/2
    21 | D:1      | Reached skill level 1 in Stealth
   112 | D:1      | Reached XP level 2. HP: 18/18 MP: 3/3
   570 | D:1      | Reached XP level 3. HP: 24/24 MP: 4/4
   994 | D:2      | Noticed Sigmund
  1295 | D:2      | Identified the +6 dagger "Arcanum" {freeze, Str+2 Int+3
                  | Stlth+}
  1598 | D:2      | Reached XP level 4. HP: 27/29 MP: 5/5
  1696 | D:2      | Noticed Jessica
  1704 | D:2      | Killed Jessica
  2267 | D:3      | Noticed Ijyb
  2282 | D:3      | Killed Ijyb
  2283 | D:3      | Reached XP level 5. HP: 18/36 MP: 6/6
  2517 | D:3      | Found Vosminn's Jewellery Shoppe.
  2557 | D:3      | Found a burning altar of Makhleb.
  2583 | D:3      | Found an ancient bone altar of Kikubaaqudgha.
  2662 | D:3      | Found an iron altar of Okawaru.
  2672 | D:3      | Became a worshipper of Warmaster Okawaru
  2839 | D:3      | Found Tocze's Antique Weapon Boutique.
  2968 | D:3      | Found Rennas's Book Shoppe.
  3037 | D:3      | Found Xioqen's Distillery.
  3143 | D:3      | Bought a potion of curing for 33 gold pieces
  3155 | D:3      | Found Byuckui's Armour Boutique.
  3533 | D:4      | Learned a level 2 spell: Ensorcelled Hibernation
  3717 | D:4      | Reached XP level 6. HP: 42/43 MP: 5/7
  4303 | D:5      | Entered Level 5 of the Dungeon
  4318 | D:5      | Reached * piety under Okawaru
  4511 | D:5      | Reached XP level 7. HP: 46/48 MP: 8/8
  4582 | D:5      | Reached skill level 1 in Invocations
  4939 | D:5      | Reached ** piety under Okawaru
  5102 | D:5      | Found Faesya's Weapon Emporium.
  6147 | D:2      | Killed Sigmund
  6148 | D:2      | Reached skill level 5 in Dodging
  6148 | D:2      | Reached XP level 8. HP: 40/54 MP: 1/10
  6402 | D:6      | Reached skill level 1 in Ice Magic
  7250 | D:7      | Reached skill level 5 in Hexes
  7414 | D:7      | Noticed Pikel
  7433 | D:7      | Killed Pikel
  7433 | D:7      | Reached *** piety under Okawaru
  7434 | D:7      | Reached XP level 9. HP: 40/58 MP: 12/15
  7501 | D:7      | Learned a level 4 spell: Cause Fear
  7505 | D:7      | Learned a level 3 spell: Inner Flame
  7644 | D:7      | Found a staircase to the Ecumenical Temple.
  7708 | D:7      | Found a radiant altar of Vehumet.
  7761 | D:7      | Reached skill level 5 in Spellcasting
  7907 | D:7      | Reached **** piety under Okawaru
  7907 | D:7      | Received a gift from Okawaru
  8234 | D:8      | Reached skill level 5 in Fighting
  8387 | D:8      | Found a sand-covered staircase.
  8392 | Ossuary  | Entered an ossuary
  9055 | D:3      | Bought a +4 ring of protection for 360 gold pieces
  9682 | D:8      | Reached skill level 5 in Invocations
  9682 | D:8      | Reached XP level 10. HP: 66/66 MP: 17/17
 10402 | D:9      | Noticed a two-headed ogre
 10638 | D:9      | Killed a two-headed ogre
 10887 | D:9      | Received a gift from Okawaru
 11262 | D:9      | Found a staircase to the Orcish Mines.
 11498 | D:10     | Entered Level 10 of the Dungeon
 11759 | D:10     | Found a staircase to the Lair.
 11762 | D:10     | Found a stormy altar of Qazlal.
 11776 | D:10     | Found a shimmering altar of Xom.
 11956 | D:10     | Noticed a salamander
 12121 | D:10     | Reached skill level 5 in Evocations
 12135 | D:10     | Reached XP level 11. HP: 70/72 MP: 18/18
 12320 | D:9      | Reached skill level 5 in Ranged Weapons
 12561 | D:9      | Found a staircase to the Orcish Mines.
 12669 | D:10     | Found a shadowy altar of Dithmenos.
 12800 | D:11     | Noticed Psyche
 12872 | D:11     | Killed Psyche
 13090 | D:11     | Reached ***** piety under Okawaru
 13309 | D:11     | Noticed Lodul
 13337 | D:11     | Killed Lodul
 13399 | D:11     | Found a transporter.
 13399 | D:11     | Found a transporter.
 13404 | D:11     | Found a transporter.
 13431 | D:11     | Noticed a manticore
 13438 | D:11     | Killed a manticore
 13460 | D:11     | Noticed Erolcha
 13699 | D:11     | Noticed a two-headed ogre
 13977 | D:11     | Killed a two-headed ogre
 13978 | D:11     | Reached skill level 10 in Dodging
 14085 | D:11     | Found a transporter.
 14255 | D:11     | Identified the +1 trident "Mauguam" {protect, Int+3}
 14767 | Lair:1   | Entered Level 1 of the Lair of Beasts
 15579 | Lair:1   | Identified the -1 buckler "Abarghogo" {Contam rN+ Str+2
                  | Slay+3} (Okawaru gifted it to you on level 1 of the Lair of
                  | Beasts)
 15579 | Lair:1   | Received a gift from Okawaru
 15894 | Lair:1   | Reached XP level 12. HP: 53/82 MP: 21/21
 15988 | Lair:1   | Identified the +7 short sword of Iryca {flame, Contam rElec
                  | Int-3 Stlth+}
 16717 | Lair:1   | Learned a level 3 spell: Swiftness
 16777 | Lair:2   | Reached skill level 1 in Air Magic
 16784 | Lair:2   | Found a staircase to the Swamp.
 16790 | Lair:2   | Identified the +12 quarterstaff of the Feeding Queen {pain,
                  | *Slow Str+2 Int+4 Dex+6}
 17425 | Lair:2   | Reached skill level 5 in Air Magic
 17855 | Lair:3   | Found a staircase to the Snake Pit.
 17914 | Lair:3   | Noticed a six-headed hydra
 17967 | Lair:3   | Killed a six-headed hydra
 17967 | Lair:3   | Received a gift from Okawaru
 18139 | Lair:3   | Noticed a four-headed hydra
 18143 | Lair:3   | Killed a four-headed hydra
 18557 | Lair:3   | Found a hazy altar of Hepliaklqana.
 19083 | Lair:4   | Reached XP level 13. HP: 64/88 MP: 22/22
 19209 | Lair:3   | Reached skill level 10 in Air Magic
 19261 | Lair:4   | Found a runed translucent door.
 19263 | Lair:4   | Found a viscous altar of Jiyva.
 19265 | Lair:4   | Found a staircase to the Slime Pits.
 19309 | Lair:4   | Reached skill level 1 in Transmutations
 19836 | Lair:5   | Entered Level 5 of the Lair of Beasts
 20369 | Lair:5   | Received a gift from Okawaru
 20370 | Lair:5   | Reached skill level 5 in Transmutations
 20977 | Lair:5   | Identified the +1 hat of Magic {rF+ Int+5} (Okawaru gifted
                  | it to you on level 5 of the Lair of Beasts)
 20977 | Lair:5   | Received a gift from Okawaru
 21770 | D:3      | Bought a manual of Transmutations for 1120 gold pieces
 22380 | Lair:5   | Reached skill level 10 in Transmutations
 22486 | Lair:5   | Reached XP level 14. HP: 87/94 MP: 24/24
 24768 | D:13     | Identified the ring "Losm" {rPois rC- rN+++ EV+5 SInv}
 25278 | D:13     | Identified the +0 fire dragon scales of Gimirchig {rF++ rC-
                  | Dex+7}
 25533 | D:13     | Identified the +0 hat of the World {Rampage rPois Will+
                  | Str+3} (Okawaru gifted it to you on level 13 of the
                  | Dungeon)
 25533 | D:13     | Received a gift from Okawaru
 25983 | Orc:1    | Entered Level 1 of the Orcish Mines
 26004 | Orc:1    | Reached skill level 15 in Transmutations
 26710 | D:3      | Bought an Inescapable Atlas for 448 gold pieces
 26718 | D:3      | Learned a level 7 spell: Storm Form
 27544 | D:14     | Identified the +0 hat "Qugit" {Will+} (Okawaru gifted it to
                  | you on level 14 of the Dungeon)
 27544 | D:14     | Received a gift from Okawaru
 27545 | D:14     | Reached skill level 1 in Unarmed Combat
 27579 | D:14     | Identified the ring "Firraokk" {rElec MP+9 Str+2}
 27968 | D:13     | Reached XP level 15. HP: 72/99 MP: 20/27
 28072 | D:14     | Found a gate to the Vaults.
 28209 | D:14     | Reached skill level 5 in Unarmed Combat
 29048 | D:15     | Entered Level 15 of the Dungeon
 29248 | D:15     | Found a stormy altar of Qazlal.
 29443 | D:15     | Identified the +3 buckler of Coimuank {Slay+2 Stlth+}
                  | (Okawaru gifted it to you on level 15 of the Dungeon)
 29443 | D:15     | Received a gift from Okawaru
 29774 | D:15     | Found Ockah's Fire Supplies.
 30011 | D:15     | Found a staircase to the Depths.
 30522 | Orc:2    | Entered Level 2 of the Orcish Mines
 30522 | Orc:2    | Noticed Urug
 30533 | Orc:2    | Found a gate leading to a gauntlet.
 30559 | Gauntlet | Entered a Gauntlet
 30559 | Gauntlet | Found a transporter.
 30559 | Gauntlet | Found a transporter.
 30565 | Gauntlet | Found a transporter.
 30580 | Gauntlet | Found a transporter.
 30595 | Gauntlet | Found a transporter.
 30595 | Gauntlet | Found a transporter.
 30597 | Gauntlet | Found a transporter.
 30597 | Gauntlet | Found a transporter.
 30598 | Gauntlet | Found a transporter.
 30609 | Gauntlet | Found a transporter.
 30622 | Gauntlet | Found a runed translucent door.
 30626 | Gauntlet | Found a transporter.
 30635 | Gauntlet | Found a transporter.
 30637 | Gauntlet | Found the amulet of Vitality {RegenMP++ Regen++}
 30649 | Gauntlet | Found a transporter.
 30683 | Gauntlet | Found a transporter.
 30760 | Gauntlet | Identified the ring "Ytzomaid" {rF+ rN+ Int-5 Slay+2
                  | Stlth+}
 30786 | Gauntlet | Reached skill level 10 in Unarmed Combat
 30791 | Gauntlet | Identified the ring "Okyf" {rElec Int+4 SInv}
 30925 | Gauntlet | Identified the +9 rapier "Kywy" {freeze, Int+5}
 30925 | Gauntlet | Identified the +4 arbalest "Zyckojer" {heavy, Str+3 Int+6}
 31076 | Orc:2    | Found Ytuleh's Magic Scroll Boutique.
 31099 | Orc:2    | Found Gyrphyaq's Magic Scroll Shop.
 31134 | Orc:2    | Bought a scroll of blinking for 97 gold pieces
 31152 | Orc:2    | Found a staircase to the Elven Halls.
 31249 | Orc:2    | Noticed Sonja
 31254 | Orc:2    | Killed Sonja
 31327 | Orc:2    | Killed Urug
 31341 | Orc:2    | Reached XP level 16. HP: 108/108 MP: 28/28
 31373 | Orc:2    | Found Sogunn's Weapon Emporium.
 31565 | Orc:2    | Reached skill level 10 in Fighting
 31624 | Orc:2    | Found Tyhoga's Jewellery Emporium.
 31624 | Orc:2    | Found Huffepi's Antique Weapon Shoppe.
 31625 | Orc:2    | Found a one-way gate leading to the halls of Pandemonium.
 31878 | Orc:2    | Bought a scroll of acquirement for 884 gold pieces
 31878 | Orc:2    | Acquired 939 gold pieces
 31911 | Orc:2    | Bought the ring "Vuyryd Guqom" {Wiz rPois Will+} for 702
                  | gold pieces
 32115 | Swamp:1  | Entered Level 1 of the Swamp
 32325 | Swamp:1  | Received a gift from Okawaru
 32454 | Swamp:1  | Noticed a fenstrider witch
 32454 | Swamp:1  | Paralysed by a fenstrider witch for 2 turns
 32457 | Swamp:1  | Killed a fenstrider witch
 33021 | Swamp:2  | Noticed a fenstrider witch
 33025 | Swamp:2  | Reached ****** piety under Okawaru
 33029 | Swamp:2  | Killed a fenstrider witch
 33029 | Swamp:2  | Received a gift from Okawaru
 33439 | Swamp:3  | Noticed a thorn hunter
 33444 | Swamp:3  | Killed a thorn hunter
 33446 | Swamp:3  | Identified the amulet of Satisfaction {+Inv Regen+}
 33458 | Swamp:3  | Noticed a thorn hunter
 33467 | Swamp:3  | Killed a thorn hunter
 33885 | Swamp:4  | Entered Level 4 of the Swamp
 33914 | Swamp:4  | Received a gift from Okawaru
 33941 | Swamp:4  | Noticed a fenstrider witch
 33948 | Swamp:4  | Reached XP level 17. HP: 119/119 MP: 29/29
 34304 | Swamp:4  | Received a gift from Okawaru
 34366 | Swamp:4  | Reached skill level 15 in Unarmed Combat
 34376 | Swamp:4  | Noticed the 27-headed Lernaean hydra
 34394 | Swamp:4  | Killed the 27-headed Lernaean hydra
 34495 | Swamp:4  | Got a decaying rune of Zot
 34757 | Snake:1  | Entered Level 1 of the Snake Pit
 34781 | Snake:1  | Noticed Kirke
 34805 | Snake:1  | Killed Kirke
 34830 | Snake:1  | Identified the +1 hat of Ekkod {Rampage rElec} (Okawaru
                  | gifted it to you on level 1 of the Snake Pit)
 34830 | Snake:1  | Received a gift from Okawaru
 34949 | Snake:1  | Found an ancient bone altar of Kikubaaqudgha.
 34958 | Snake:1  | Noticed Aizul
 34969 | Snake:1  | Killed Aizul
 35461 | Snake:2  | Found a transporter.
 35469 | Snake:2  | Found a transporter.
 35556 | Snake:2  | Found a transporter.
 35558 | Snake:2  | Found a transporter.
 35635 | Snake:2  | Found a transporter.
 35644 | Snake:2  | Found a transporter.
 36044 | Snake:3  | Reached XP level 18. HP: 130/130 MP: 30/30
 36167 | Snake:3  | Found a stormy altar of Qazlal.
 36911 | Snake:4  | Entered Level 4 of the Snake Pit
 36937 | Snake:4  | Identified the +1 hat of Soligo {Dex+2} (Okawaru gifted it
                  | to you on level 4 of the Snake Pit)
 36937 | Snake:4  | Received a gift from Okawaru
 37784 | Snake:4  | Reached skill level 15 in Fighting
 37838 | Snake:4  | Identified the +5 dagger of the Grave {venom, Stlth+}
                  | (Okawaru gifted it to you on level 4 of the Snake Pit)
 37838 | Snake:4  | Received a gift from Okawaru
 37838 | Snake:4  | Noticed Vashnia
 37875 | Snake:4  | Killed Vashnia
 37900 | Snake:4  | Reached XP level 19. HP: 139/139 MP: 31/31
 37958 | Snake:4  | Got a serpentine rune of Zot
 38272 | Vaults:1 | Entered Level 1 of the Vaults
 38284 | Vaults:1 | Identified the +5 hat of Leiwiq {rPois Int-3 Dex+9}
                  | (Okawaru gifted it to you on level 1 of the Vaults)
 38284 | Vaults:1 | Received a gift from Okawaru
 38633 | Vaults:1 | Identified the +1 war axe of Dissolution {drain, rC++
                  | Dex-3}
 38931 | Vaults:1 | Reached skill level 10 in Invocations
 38932 | Vaults:1 | Reached skill level 10 in Spellcasting
 38933 | Vaults:1 | Received a gift from Okawaru
 38943 | Vaults:1 | Found Cematsul's Antique Armour Emporium.
 39291 | Vaults:1 | Received a gift from Okawaru
 39469 | Vaults:2 | Reached XP level 20. HP: 89/145 MP: 34/34
 39750 | Vaults:2 | Received a gift from Okawaru
 39912 | Vaults:2 | Paralysed by a great orb of eyes for 4 turns
 40628 | Vaults:3 | Received a gift from Okawaru
 40635 | Vaults:3 | Noticed a bone dragon
 40642 | Vaults:3 | Killed a bone dragon
 40643 | Vaults:3 | Found a staircase to the Crypt.
 40894 | Vaults:3 | Found Ruxok's Weapon Shoppe.
 40922 | Vaults:3 | Reached skill level 15 in Dodging
 41442 | Vaults:3 | Received a gift from Okawaru
 41446 | Vaults:3 | Reached XP level 21. HP: 141/157 MP: 35/35
 41587 | Vaults:4 | Noticed Saint Roka
 41596 | Vaults:4 | Killed Saint Roka
 41833 | Vaults:4 | Learned a level 2 spell: Blink
 41839 | Vaults:4 | Learned a level 5 spell: Yara's Violent Unravelling
 41920 | Vaults:4 | Received a gift from Okawaru
 41935 | Vaults:4 | Noticed Boris
 41944 | Vaults:4 | Killed Boris
 41945 | Vaults:4 | Reached skill level 1 in Translocations
 41972 | Vaults:4 | Identified the +0 kite shield of Masochism {Slay+2}
 41972 | Vaults:4 | Noticed Donald
 41977 | Vaults:4 | Killed Donald
 41980 | Vaults:4 | Noticed Mara
 41997 | Vaults:4 | Killed Mara
 42852 | Vaults:5 | Entered Level 5 of the Vaults
 42881 | Vaults:5 | Received a gift from Okawaru
 42889 | Vaults:5 | Reached skill level 5 in Translocations
 42963 | Vaults:5 | Noticed a dread lich
 43107 | Vaults:5 | Reached XP level 22. HP: 124/169 MP: 36/36
 43108 | Arena    | Entered the Arena
 43112 | Arena    | Killed a dread lich
 43112 | Arena    | Received a gift from Okawaru
 43163 | Vaults:5 | Noticed Boris
 43173 | Arena    | Entered the Arena
 43218 | Vaults:5 | Killed Boris
 43285 | Vaults:5 | Noticed a dread lich
 43349 | Vaults:5 | Noticed an ancient lich
 43364 | Vaults:5 | Killed an ancient lich
 43377 | Vaults:5 | Identified the +0 arbalest of Evolution {drain, rN+ Dex+3}
 43379 | Vaults:5 | Noticed a golden dragon
 43381 | Vaults:5 | Noticed an ancient lich
 43383 | Vaults:5 | Received a gift from Okawaru
 43385 | Arena    | Entered the Arena
 43390 | Arena    | Killed an ancient lich
 43417 | Vaults:5 | Killed a golden dragon
 43427 | Arena    | Entered the Arena
 43432 | Arena    | Killed a dread lich
 43571 | Vaults:5 | Identified the +1 tower shield of the Sun {Will+ MP+9}
 43618 | Vaults:5 | Got the Catalogue of the Nauseating Brume
 43620 | Vaults:5 | Got a silver rune of Zot
 43773 | Abyss:2  | Cast into level 2 of the Abyss (a deep elf sorcerer)
 43785 | Abyss:3  | Found a corrupted altar of Lugonu.
 43862 | Abyss:3  | Gained mutation: You occasionally lose the ability to read
                  | scrolls when taking damage. [a neqoxec]
 44185 | Abyss:4  | Got an abyssal rune of Zot
 44250 | Abyss:4  | Reached skill level 10 in Evocations
 44252 | Abyss:4  | Identified the +2 hat "Zobret" {-Cast Fly rPois Will++}
                  | (Okawaru gifted it to you on level 4 of the Abyss)
 44252 | Abyss:4  | Received a gift from Okawaru
 44307 | Vaults:5 | Escaped the Abyss
 44330 | Vaults:5 | Reached XP level 23. HP: 176/176 MP: 37/37
 44621 | Vaults:5 | Noticed a golden dragon
 44628 | Vaults:5 | Killed a golden dragon
 44912 | Vaults:5 | Identified the +1 ring mail of Intuition {rC+ Dex+6}
 45120 | Vaults:5 | Learned a level 3 spell: Vhi's Electric Charge
 45330 | Depths:1 | Entered Level 1 of the Depths
 45544 | Depths:1 | Found a one-way gate to the infinite horrors of the Abyss.
 45709 | Depths:1 | Found a one-way gateway to a ziggurat.
 45794 | Depths:1 | Found a gateway to Hell.
 46447 | Depths:2 | Found a broken altar of Ashenzari.
 46672 | Depths:2 | Found Moskemit's Antique Weapon Emporium.
 46674 | Depths:2 | Found Piepn's Weapon Shoppe.
 46677 | Depths:2 | Found Leeher's Weapon Emporium.
 47044 | Depths:3 | Noticed a juggernaut
 47046 | Depths:3 | Noticed a golden dragon
 47065 | Depths:3 | Killed a juggernaut
 47068 | Depths:3 | Identified the +10 longbow of Qewayt {drain, rElec}
                  | (Okawaru gifted it to you on level 3 of the Depths)
 47068 | Depths:3 | Received a gift from Okawaru
 47073 | Depths:3 | Killed a golden dragon
 47178 | Depths:3 | Found Suigroutya's Book Shop.
 47211 | Depths:3 | Bought a book of Alchemy for 336 gold pieces
 47222 | Depths:3 | Learned a level 5 spell: Irradiate
 47232 | Depths:3 | Found Weziuthre's Magic Scroll Boutique.
 47358 | Depths:3 | Found Cageum's Antique Weapon Boutique.
 47645 | Depths:3 | Found Qyryirph's Armour Shoppe.
 47761 | Depths:3 | Found Zirouduth's Distillery.
 47766 | Depths:3 | Bought a potion of heal wounds for 80 gold pieces
 47766 | Depths:3 | Bought a potion of mutation for 128 gold pieces
 47879 | Depths:4 | Entered Level 4 of the Depths
 47884 | Depths:4 | Noticed a caustic shrike
 47885 | Depths:4 | Noticed a caustic shrike
 47886 | Depths:4 | Noticed a caustic shrike
 47886 | Depths:4 | Noticed a caustic shrike
 47887 | Depths:4 | Noticed a caustic shrike
 47888 | Depths:4 | Killed a caustic shrike
 47893 | Depths:4 | Killed a caustic shrike
 47894 | Depths:4 | Reached XP level 24. HP: 111/183 MP: 32/37
 47894 | Depths:4 | Killed a caustic shrike
 47897 | Depths:4 | Killed a caustic shrike
 47898 | Depths:4 | Killed a caustic shrike
 47982 | Depths:4 | Found a white marble altar of Elyvilon.
 48079 | Depths:4 | Gained mutation: Your magical capacity is low. (-10% MP) [a
                  | neqoxec]
 48106 | Depths:4 | Reached skill level 15 in Air Magic
 48108 | Depths:4 | Noticed Parghit
 48110 | Arena    | Entered the Arena
 48142 | Arena    | Entered the Arena
 48148 | Arena    | Killed Parghit
 48191 | Depths:4 | Identified the +1 ring mail of Lethargy {rC+ rN+}
 48317 | Depths:4 | Found a bloodstained altar of Trog.
 48423 | Depths:4 | Identified the +0 kite shield of Negation {Harm rElec Will-
                  | Regen+} (Okawaru gifted it to you on level 4 of the Depths)
 48423 | Depths:4 | Received a gift from Okawaru
 48603 | Depths:4 | Found a hazy altar of Hepliaklqana.
 48731 | Depths:4 | Found a gate to the Realm of Zot.
 48754 | Depths:4 | Lost mutation: Your magical capacity is low. (-10% MP)
                  | [potion of mutation]
 48754 | Depths:4 | Lost mutation: You occasionally lose the ability to read
                  | scrolls when taking damage. [potion of mutation]
 48754 | Depths:4 | Gained mutation: You have a pair of small antennae on your
                  | head. [potion of mutation]
 48754 | Depths:4 | Gained mutation: You occasionally shout uncontrollably at
                  | your foes. [potion of mutation]
 48755 | Depths:4 | Lost mutation: You have a pair of small antennae on your
                  | head. [potion of mutation]
 48755 | Depths:4 | Lost mutation: You occasionally shout uncontrollably at
                  | your foes. [potion of mutation]
 48755 | Depths:4 | Gained mutation: You possess an exceptional clarity of
                  | mind. [potion of mutation]
 48755 | Depths:4 | Gained mutation: Your spells are a little harder to cast,
                  | but a little more powerful. [potion of mutation]
 48780 | Zot:1    | Entered Level 1 of the Realm of Zot
 49078 | Zot:4    | Noticed an orb of fire
 49084 | Zot:4    | Gained mutation: You are robust. (+10% HP) [an orb of fire]
 49086 | Zot:4    | Killed an orb of fire
 49110 | Arena    | Entered the Arena
 49324 | Zot:4    | Noticed a curse toe
 49428 | Zot:4    | Killed a curse toe
 49429 | Zot:4    | Noticed a curse toe
 49432 | Zot:4    | Killed a curse toe
 49614 | Zot:4    | Noticed a dread lich
 49622 | Zot:4    | Killed a dread lich
 49867 | Zot:4    | Received a gift from Okawaru
 50122 | Zot:5    | Entered Level 5 of the Realm of Zot
 50138 | Zot:5    | Reached XP level 25. HP: 207/207 MP: 31/37
 50518 | Zot:5    | Noticed an ancient lich
 50526 | Zot:5    | Killed an ancient lich
 50526 | Zot:5    | Noticed an orb of fire
 50534 | Arena    | Entered the Arena
 50541 | Arena    | Killed an orb of fire
 50645 | Zot:5    | Noticed a Killer Klown
 50649 | Zot:5    | Noticed an orb of fire
 50652 | Arena    | Entered the Arena
 50656 | Arena    | Killed a Killer Klown
 50674 | Zot:5    | Noticed an orb of fire
 50685 | Zot:5    | Killed an orb of fire
 50688 | Zot:5    | Gained mutation: You occasionally lose the ability to read
                  | scrolls when taking damage. [an orb of fire]
 50692 | Zot:5    | Killed an orb of fire
 50694 | Zot:5    | Noticed an orb of fire
 50706 | Zot:5    | Killed an orb of fire
 50735 | Zot:5    | Noticed an orb of fire
 50739 | Zot:5    | Got the Orb of Zot
 50740 | Zot:5    | Noticed an orb of fire
 50740 | Zot:5    | Noticed a dread lich
 50740 | Zot:5    | Noticed a Killer Klown
 50741 | Zot:5    | Gained mutation: You sometimes lose the ability to read
                  | scrolls when taking damage. [an orb of fire]
 50742 | Zot:5    | Gained mutation: Your magical capacity is low. (-10% MP)
                  | [an orb of fire]
 50745 | Zot:5    | Noticed a Killer Klown
 50747 | Zot:5    | Noticed a dread lich
 50790 | Zot:4    | Lost mutation: You sometimes lose the ability to read
                  | scrolls when taking damage. [potion of mutation]
 50790 | Zot:4    | Lost mutation: You are robust. (+10% HP) [potion of
                  | mutation]
 50790 | Zot:4    | Lost mutation: Your spells are a little harder to cast, but
                  | a little more powerful. [potion of mutation]
 50790 | Zot:4    | Gained mutation: Your spells are a little easier to cast,
                  | but a little less powerful. [potion of mutation]
 50790 | Zot:4    | Lost mutation: Your spells are a little easier to cast, but
                  | a little less powerful. [potion of mutation]
 50790 | Zot:4    | Lost mutation: Your magical capacity is low. (-10% MP)
                  | [potion of mutation]
 50791 | Zot:4    | Lost mutation: You occasionally lose the ability to read
                  | scrolls when taking damage. [potion of mutation]
 50791 | Zot:4    | Lost mutation: You possess an exceptional clarity of mind.
                  | [potion of mutation]
 50791 | Zot:4    | Gained mutation: Your muscles are strong. (Str +4, Int/Dex
                  | -1) [potion of mutation]
 50791 | Zot:4    | Gained mutation: You are robust. (+10% HP) [potion of
                  | mutation]
 50992 | Depths:2 | Noticed Myisek the pandemonium lord
 51009 | Depths:2 | Killed Myisek the pandemonium lord
 51144 | D:10     | Noticed Feahibb the pandemonium lord
 51159 | D:10     | Killed Feahibb the pandemonium lord
 51311 | D:4      | Noticed Fokutyer the pandemonium lord
 51340 | D:2      | Noticed Dampaac the pandemonium lord
 51349 | D:2      | Killed Dampaac the pandemonium lord
 51421 | D:$      | Escaped with the Orb!

Illustrated notes

Levels and vault maps discovered:
D:1:      lemuel_arrival_hallway, layout_loops_cross
D:2:      layout_loops_corners, serial_glass, glass_columns_a, glass_columns_b,
          uniq_jessica, uniq_sigmund
D:3:      layout_basic, kennysheep_okawaru_gauntlet,
          mainiacjoe_overflow_two_lobes, serial_shops, shop_fountains,
          nicolae_shop_temple_entry_statues_fountains, shop,
          nicolae_shop_waterfront, shop, serial_curves, eino_curves_03,
          eino_curves_04, hangedman_decor_clover_reticule,
          hangedman_decor_growths, uniq_ijyb
D:4:      layout_basic, reono_crystal_passage, st_stairs_8
D:5:      layout_cave_pods, serial_column_ruins, column_ruins_hut,
          column_ruins_open_tiny, column_ruins_grid_1, column_ruins_open_tiny,
          column_ruins_open_tiny, serial_shops, shop, serial_bayou_crossing
D:6:      layout_gridville
D:7:      layout_loops_ring, vehumet_altar_wand_db, minmay_temple_entry_waves,
          uniq_pikel
D:8:      layout_basic, nicolae_ossuary_entry_false_entrances, serial_curves,
          eino_curves_03, eino_curves_02, eino_curves_01
D:9:      layout_rooms, david_orc_4
D:10:     layout_big_octagon, mainiacjoe_overflow_large_starburst,
          lemuel_round_altar, lair_entry_dummy,
          hellmonk_guarded_unrand_salamander
D:11:     layout_cave_pods, nicolae_diode_quadrants, uniq_psyche, uniq_lodul,
          uniq_erolcha
D:12:     layout_roguey
D:13:     minmay_the_grid_octo_tiled_squarecenter_mashed
          [minmay_the_grid_octo_checkered, minmay_the_grid_octo_odd_swirl,
          minmay_the_grid_octo_checkerflower, minmay_the_grid_octo_empty,
          minmay_the_grid_square_5x5_megaprize_crossed,
          minmay_the_grid_square_5x5_c, minmay_the_grid_square_5x5_inner_z,
          minmay_the_grid_square_5x5_inset, minmay_the_grid_square_5x5_n],
          layout_loops_corners
D:14:     layout_long_grid, erik_vaults_1, serial_park_avenue1
D:15:     grunt_enter_depths_hoard, layout_layer_cave,
          nicolae_qazlal_general_emergency, nicolae_shop_fire_sale
          [nicolae_sub_dead_trees]
Lair:1:   layout_layer_cave, serial_bayou_shore_b
Lair:2:   layout_misc_corridors, minmay_swamp_entry_wisps
Lair:3:   layout_gridlike, nicolae_snake_entry_warm_welcome, basic_altar,
          grunt_forest_small_clearings, lemuel_fruit_tree,
          infiniplex_staircase_pool_2
Lair:4:   layout_roguey, slime_entry_2, st_stairs_10
Lair:5:   minmay_lair_end_frog_pond, layout_regular_city
Swamp:1:  layout_basic_swamp, serial_swamp_ruin, evilmike_swamp_ruin_wall,
          evilmike_swamp_ruin_house_1, evilmike_swamp_ruin_house_3, swamp_pool1,
          nicolae_swamp_orc_logging_accident
Swamp:2:  layout_falls_marsh, evilmike_swamp_ruin_house_4, swamp_pool1
Swamp:3:  layout_basic_swamp, evilmike_swamp_ruin_rubble_2, swamp_pool3
Swamp:4:  swamp_old_school, layout_basic_swamp, nicolae_swamp_bean_lake
Snake:1:  layout_grid_shapes, basic_altar, uniq_kirke, uniq_aizul
Snake:2:  layout_layer_cave, st_stairs_2,
          nicolae_snake_yet_another_twisty_hallway, serial_nicolae_subway,
          nicolae_sub_station_metal, nicolae_sub_station_crystal,
          nicolae_sub_station_stone
Snake:3:  layout_honeycomb, basic_altar, grunt_megastairs_3
Snake:4:  grunt_snake_rune_serpentine_throne, layout_cave_town,
          nicolae_snake_salamander_fort
Orc:1:    layout_diamond_mine, nicolae_shop_gadgets
Orc:2:    pf_orc_diabolical, layout_diamond_mine, serial_shops, shop_fountains,
          gauntlet_entry_generic, nicolae_orc_bridge_out, uniq_sonja, uniq_urug
Vaults:1: nicolae_vaults_stairing_the_circle, v_misc_14,
          nicolae_vaults_border_crossing, hangedman_vaults_stagger,
          dpeg_vaults_monster_row, vaults_mumra_lcd, serial_ice_g,
          hangedman_vaults_maws, grunt_vaults_swirl, vaults_room_door_ring,
          layout_vaults_maze_snakey, serial_shops, shop
Vaults:2: ontoclasm_vaults_ligature, hangedman_vaults_trim,
          nicolae_vaults_little_squares_1, ontoclasm_vaults_loading_screen,
          hangedman_vaults_capsules, grunt_vaults_hallway_short,
          nicolae_vaults_ninety_degrees, vaults_dpeg_ring,
          nicolae_vaults_ring_of_whatevers, special_room_vaults
          [special_room_orc], vaults_dpeg_cross, vaults_mumra_hexcomb,
          layout_vaults_omnicross
Vaults:3: nicolae_vaults_network_star, nicolae_vaults_shelves_hall,
          grunt_vaults_diagonal, minmay_crypt_entry_nasty_monster,
          vaults_room_fours, vaults_room_grid, nicolae_vaults_big_ls,
          nicolae_vaults_network_quinsquares
          [nicolae_vaults_network_quincunx_subvault,
          nicolae_vaults_network_quincunx_subvault,
          nicolae_vaults_network_quincunx_subvault,
          nicolae_vaults_network_quincunx_subvault], grunt_vaults_funnel,
          v_misc_2, ontoclasm_vaults_gateway, grunt_vaults_hallway_short,
          layout_vaults_ring, serial_shops, shop
Vaults:4: grunt_vaults_hallway_long, nicolae_vaults_diagonal_hallway_7,
          nicolae_vaults_big_angled_halls, nicolae_vaults_little_squares_3,
          ontoclasm_vaults_gallery, nicolae_vaults_little_squares_3,
          vaults_mumra_chevron, vaults_room_corners, layout_vaults_quadrants,
          uniq_saint_roka, uniq_donald, uniq_mara, uniq_boris
Vaults:5
Depths:1: layout_roguey, enter_ziggurat_b, abyss_entry,
          chequers_serial_rivers_micro_c, grunt_hell_entry_dis_mu,
          grunt_ministairs_6, kennysheep_potato
Depths:2: minmay_angry_zag, layout_cave_shapes, grunt_mini_vestibule,
          grunt_pan_entry_zigzag, cheibrodos_ashenzari_chains,
          corexii_leaking_fountain, serial_sigils_hangedman_gnaw,
          minmay_shop_star
Depths:3: minmay_ambush_box, layout_small_grid, abyss_entry,
          minmay_stone_trees_small, serial_shops, kennysheep_mini, shop,
          kennysheep_little_box, nicolae_shop_hallway_stairs,
          nicolae_take_the_stairs, hangedman_coc_ice_floe, nrook_pool_corridor
Depths:4: grunt_zot_entry_pinwheel, layout_cave_pools,
          nicolae_elyvilon_peaceful_grove, rand_demon_pan_entry_7, abyss_entry,
          hell_entry, lemuel_statue_altar, evilmike_spriggan_trog_shrine,
          uniq_parghit
Zot:1:    layout_concentric_octagons, hangedman_zot_diagonal_lockstep,
          uniq_josephina
Zot:2:    layout_misc_corridors, grunt_ministairs_10
Zot:3:    kennysheep_six_static_rooms, layout_cathedral_of_symmetry,
          nicolae_shop_clearance
Zot:4:    hangedman_snap_crack_crunch, layout_cathedral_of_symmetry
Zot:5:    layout_gridlike

Skill      XL: |  1  2  3  4  5  6  7  8  9 10 11 12 13 14 15 16 17 18 19 20 21 22 23 24 25 |
---------------+----------------------------------------------------------------------------+-----
Stealth        | 2 |  2.0
Fighting       | 2 3 4 5 6 8 9 12 13 15 17 19 20 | 20.0
Hexes          | 4 6 7 8 |  8.0
Ranged Weapons | 3 4 6 |  6.0
Dodging        | 3 5 7 9 11 12 13 15 17 18 | 18.2
Invocations    | 3 4 5 7 8 12 13 | 13.0
Evocations     | 3 5 6 7 10 | 10.0
Ice Magic      | 1 |  1.0
Spellcasting   | 4 5 6 7 8 10 | 10.0
Air Magic      | 9 10 12 14 18 19 | 19.1
Transmutations | 10 16 17 19 | 19.0
Unarmed Combat | 3 11 13 15 16 18 20 | 20.0
Translocations | 5 |  5.0

Action                     |  1- 3 |  4- 6 |  7- 9 | 10-12 | 13-15 | 16-18 | 19-21 | 22-24 | 25-27 || total
---------------------------+-------+-------+-------+-------+-------+-------+-------+-------+-------++-------
  Melee: Dagger            |     3 |    13 |    46 |   263 |    14 |       |       |       |       ||   339
         Constrict         |       |     2 |     8 |    42 |     3 |     1 |       |       |       ||    56
         Tentacles         |       |     1 |    14 |    91 |     7 |     2 |     2 |     1 |     1 ||   119
         Unarmed           |       |       |     7 |       |   420 |   757 |   767 |   917 |   202 ||  3070
         Punch             |       |       |     1 |    10 |    33 |    90 |    91 |   169 |    43 ||   437
         Staff             |       |       |       |       |     2 |     8 |     8 |     9 |     2 ||    29
   Fire: Sling             |   168 |   138 |   371 |   354 |       |       |       |       |       ||  1031
         Arbalest          |       |       |       |   105 |   735 |       |       |       |       ||   840
  Throw: Dart              |       |       |       |       |     1 |       |       |       |       ||     1
   Cast: Slow              |     6 |    12 |    19 |    52 |     5 |       |       |       |       ||    94
         Ensorcelled Hiber |       |     3 |     4 |       |     8 |       |       |       |       ||    15
         Cause Fear        |       |       |     3 |    11 |    18 |       |       |       |       ||    32
         Storm Form        |       |       |       |       |    20 |    48 |    57 |    58 |    13 ||   196
         Inner Flame       |       |       |       |       |     3 |       |       |       |       ||     3
         Yara's Violent Un |       |       |       |       |       |       |     3 |       |       ||     3
         Vhi's Electric Ch |       |       |       |       |       |       |       |    68 |    16 ||    84
         Blink             |       |       |       |       |       |       |       |     3 |       ||     3
         Irradiate         |       |       |       |       |       |       |       |     4 |     4 ||     8
 Invoke: Heroism           |       |       |     5 |    16 |    22 |     2 |     1 |     5 |     3 ||    54
         Finesse           |       |       |       |     3 |     1 |     1 |       |     2 |     2 ||     9
         Duel              |       |       |       |       |       |       |       |     7 |     2 ||     9
Ability: Blinkbolt         |       |       |       |       |     4 |     6 |    13 |     6 |     2 ||    31
  Evoke: Wand              |       |       |     1 |     4 |     6 |       |       |     1 |     1 ||    13
    Use: Scroll            |       |     7 |     8 |    14 |     5 |     2 |       |     5 |     3 ||    44
         Potion            |       |     2 |     2 |     3 |     4 |       |     1 |     2 |     9 ||    23
   Stab: Sleeping          |       |     1 |     1 |     4 |     3 |     8 |     3 |     1 |       ||    21
         Invisible         |       |       |       |       |     1 |       |       |       |       ||     1
         Confused          |       |       |       |       |       |     1 |       |       |       ||     1
         Distracted        |       |       |       |       |       |       |       |     2 |       ||     2
 Armour: Skin              |     2 |    11 |    44 |    73 |   237 |   189 |   123 |   143 |    24 ||   846
  Dodge: Dodged            |    32 |    55 |   185 |   503 |  1202 |  1136 |  1010 |  1017 |   191 ||  5331

Table legend: (Time is in decaauts)
 A = Elapsed time spent in this place.
 B = Non-inter-level travel time spent in this place.
 C = Inter-level travel time spent in this place.
 D = Time resting spent in this place.
 E = Time spent auto-exploring this place.
 F = Levels seen in this place.
 G = Mean time per level.
                   A        B        C        D        E       F      G
               +--------+--------+--------+--------+--------+-----+--------+
         Total |  51080 |  46290 |   4790 |   8360 |  25660 |  58 |  880.7 |
       Dungeon |  22925 |  20275 |   2650 |   5100 |  10419 |  15 | 1528.3 |
          Lair |   8011 |   7300 |    711 |   2054 |   3212 |   5 | 1602.2 |
         Swamp |   2512 |   2344 |    168 |    167 |   1592 |   4 |  628.0 |
     Snake Pit |   3222 |   3006 |    216 |     17 |   2255 |   4 |  805.5 |
  Orcish Mines |   1655 |   1418 |    237 |     39 |    874 |   2 |  827.5 |
        Vaults |   6083 |   5637 |    446 |    530 |   3434 |   5 | 1216.6 |
        Depths |   3395 |   3201 |    194 |    112 |   2402 |   4 |  848.8 |
           Zot |   1913 |   1750 |    163 |     84 |   1156 |   5 |  382.6 |
         Abyss |    484 |    484 |      0 |      9 |     96 |   3 |  161.3 |
       Ossuary |    313 |    313 |      0 |     83 |     86 |   1 |  313.0 |
      Gauntlet |    368 |    368 |      0 |     83 |    134 |   1 |  368.0 |
         Arena |    194 |    194 |      0 |     80 |      0 |   9 |   21.6 |
               +--------+--------+--------+--------+--------+-----+--------+

Top non-repeatable levels by time:
    D:13: 2808 daAuts
     D:9: 2794 daAuts
     D:2: 2288 daAuts
  Lair:1: 2210 daAuts
  Lair:5: 2143 daAuts
    D:11: 1986 daAuts
    D:12: 1559 daAuts
     D:3: 1521 daAuts
Vaults:5: 1428 daAuts
Vaults:4: 1383 daAuts
    D:15: 1369 daAuts
  Lair:3: 1328 daAuts
    D:14: 1311 daAuts
     D:8: 1242 daAuts
   Zot:4: 1220 daAuts
